 Seeded DCSS version 0.30-a0-743-gbfdf073431 (webtiles) character file.

Game seed: 20230206 (custom seed)

24 a11behringer the Poker (level 2, 0/25 HPs)
             Began as a Draconian Reaver on Feb 6, 2023.
             Slain by a hobgoblin
             ... wielding a +0 club
              (9 damage)
             ... on level 1 of the Dungeon.
             The game lasted 00:02:40 (450 turns).

a11behringer the Poker (Draconian Reaver)            Turns: 450, Time: 00:02:40

Health: 0/25       AC:  4    Str: 14    XL:     2   Next: 79%
Magic:  5/5        EV: 12    Int: 13    God:
Gold:   38         SH:  0    Dex:  9    Spells: 4/5 levels left

rFire   . . .      SeeInvis .    a - +0 spear
rCold   . . .      Faith    .    (no shield)
rNeg    . . .      Spirit   .    (body armour unavailable)
rPois   .          Reflect  .    (helmet restricted)
rElec   .          Harm     .    (no cloak)
rCorr   .          Rampage  .    (no gloves)
Will    .....                    (no boots)
Stlth   +                        (no amulet)
HPRegen 0.24/turn                (no ring)
MPRegen 0.09/turn                (no ring)

@: no status effects
A: AC +4, unfitting armour, cold-blooded
a: no special abilities


You were on level 1 of the Dungeon.
You visited 1 branch of the dungeon, and saw 1 of its levels.

You collected 38 gold pieces.

Inventory:

Hand Weapons
 a - a +0 spear (weapon)
Scrolls
 c - a scroll of teleportation {unknown}
Potions
 b - a potion of brilliance {unknown}


   Skills:
 + Level 2.4 Fighting
 * Level 3.5 Polearms
 + Level 1.9 Dodging
 + Level 2.2 Spellcasting
 + Level 3.1 Conjurations


You had 4 spell levels left.
You knew the following spells:

 Your Spells              Type           Power      Damage    Failure   Level
a - Kiss of Death         Conj/Necr      20%        2d7       13%         1

Your spell library contained the following spells:

 Spells                   Type           Power      Damage    Failure   Level
 Momentum Strike          Conj/Tloc      10%        3d8       21%         2
 Cigotuvi's Dreadful Rot  Necr/Pois/Air  2%         N/A       36%         2
 Hailstorm                Conj/Ice       5%         3d4       36%         3
 Dispel Undead            Necr           1%         3d6       94%         4
 Death Channel            Necr           0%         N/A       100%        6


Dungeon Overview and Level Annotations

Branches:
Dungeon (1/15)

Altars:


Innate Abilities, Weirdness & Mutations

Your plain brown scales are hard. (AC +4)
You cannot fit into any form of body armour.
You are cold-blooded and may be slowed by cold attacks.


Message History

The hobgoblin closely misses you.
You hit the hobgoblin but do no damage. The hobgoblin barely misses you.
You hit the hobgoblin but do no damage.
Your tail-slap misses the hobgoblin.
A rat comes into view.
The hobgoblin hits you with a +0 club.
You hit the hobgoblin.
The hobgoblin is lightly wounded.
The hobgoblin hits you with a +0 club.
You barely miss the hobgoblin.
Your tail-slap misses the hobgoblin.
The hobgoblin is lightly wounded.
The hobgoblin hits you with a +0 club.
You hit the hobgoblin but do no damage.
The hobgoblin is lightly wounded.
The hobgoblin hits you with a +0 club.
You hit the hobgoblin but do no damage.
Your tail-slap misses the hobgoblin.
The hobgoblin is lightly wounded.
The rat bites you. The hobgoblin hits you with a +0 club!
* * * LOW HITPOINT WARNING * * *
You are too injured to fight recklessly!
You are too injured to fight recklessly!
You are too injured to fight recklessly!
The rat attacks as you move away! The rat bites you but does no damage.
The rat attacks as you move away! The rat barely misses you.
The rat attacks as you move away! The rat bites you.
* * * LOW HITPOINT WARNING * * *
The rat attacks as you move away! The rat misses you.
You closely miss the rat. You punch the rat.
You kill the rat!
You hit the hobgoblin but do no damage.
The hobgoblin is lightly wounded.
You hit the hobgoblin but do no damage.
The hobgoblin is lightly wounded.
The hobgoblin closely misses you.
You closely miss the hobgoblin.
The hobgoblin is lightly wounded.
The hobgoblin barely misses you.
You hit the hobgoblin.
The hobgoblin is moderately wounded.
The hobgoblin hits you with a +0 club!
You die...

#.# .# .. #.# .
. #.# ##.# ##
#.# ....###. #.#
#.##.#.## #.#
#.##.... #.#
#.##..#
#.####.##..#
#.@g....#..# #.
######..#..#####
..
#.............
##............
#..........#.
##.######### #.#
#.# #.#


You could see a hobgoblin.

Vanquished Creatures
  A dart slug (D:1)
  An endoplasm (D:1)
  2 giant cockroaches (D:1)
  4 goblins (D:1)
  A hobgoblin (D:1)
  2 kobolds (D:1)
  4 ball pythons (D:1)
  3 bats (D:1)
  2 frilled lizards (D:1)
  2 rats (D:1)
22 creatures vanquished.

Notes
Turn   | Place    | Note
-------+----------+-------------------------------------------
     0 | D:1      | a11behringer the Draconian Reaver began the quest for the
                  | Orb.
     0 | D:1      | Reached XP level 1. HP: 17/17 MP: 3/3
    72 | D:1      | Reached XP level 2. HP: 17/25 MP: 5/5
   450 | D:1      | Slain by a hobgoblin

Illustrated notes

Levels and vault maps discovered:
D:1:      lightli_arrival_isolated_outpost, layout_loops_ring

Action                     || total
---------------------------++-------
  Melee: Spear             ||    86
         Tailslap          ||    11
         Punch             ||     1
 Armour: Skin              ||    26
  Dodge: Dodged            ||    56

Table legend: (Time is in decaauts)
 A = Elapsed time spent in this place.
 B = Non-inter-level travel time spent in this place.
 C = Inter-level travel time spent in this place.
 D = Time resting spent in this place.
 E = Time spent auto-exploring this place.
 F = Levels seen in this place.
 G = Mean time per level.
                   A        B        C        D        E       F      G
               +--------+--------+--------+--------+--------+-----+--------+
         Total |    447 |    381 |     66 |      0 |    234 |   1 |  447.0 |
       Dungeon |    447 |    381 |     66 |      0 |    234 |   1 |  447.0 |
               +--------+--------+--------+--------+--------+-----+--------+

Top non-repeatable levels by time:
     D:1: 447 daAuts
